 Dungeon Crawl Stone Soup version 0.29.1-13-g9f3cf754e1 (webtiles) character file.

Game seed: 8973174388761514124

4 theblackgale the Ruffian (level 1, 0/16 HPs)
             Began as a Draconian Transmuter on Jan 26, 2023.
             Shot with a sling bullet by a goblin (6 damage)
             ... on level 2 of the Dungeon.
             The game lasted 00:03:37 (277 turns).

theblackgale the Ruffian (Draconian Transmuter)      Turns: 277, Time: 00:03:37

Health: 0/16       AC:  4    Str: 12    XL:     1   Next: 50%
Magic:  3/3        EV: 12    Int: 13    God:
Gold:   6          SH:  0    Dex: 11    Spells: 3/4 levels left

rFire   . . .      SeeInvis .   e - +0 mace
rCold   . . .      Faith    .   (no shield)
rNeg    . . .      Spirit   .   (body armour unavailable)
rPois   .          Reflect  .   (helmet restricted)
rElec   .          Harm     .   (no cloak)
rCorr   .          Rampage  .   (no gloves)
Will    .....                   (no boots)
Stlth   +.........              (no amulet)
HPRegen 0.05/turn               (no ring)
MPRegen 0.08/turn               (no ring)

@: no status effects
A: AC +4, unfitting armour, cold-blooded
a: no special abilities


You were on level 2 of the Dungeon.
You visited 1 branch of the dungeon, and saw 2 of its levels.

You collected 6 gold pieces.

Inventory:

Hand Weapons
 c - a +0 club
 e - a +0 mace (weapon)
Potions
 a - a potion of lignification


   Skills:
 + Level 1.1 Fighting
 + Level 0.2 Maces & Flails
 + Level 1.8 Dodging
 + Level 3.0 Unarmed Combat
 + Level 2.0 Spellcasting
 + Level 2.2 Transmutations


You had 3 spell levels left.
You knew the following spells:

 Your Spells              Type           Power      Damage    Failure   Level
a - Beastly Appendage     Tmut           14%        N/A       11%         1

Your spell library contained the following spells:

 Spells                   Type           Power      Damage    Failure   Level
 Wereblood                Tmut           7%         N/A       16%         2
 Spider Form              Tmut/Pois      4%         N/A       43%         3
 Ice Form                 Ice/Tmut       4%         N/A       85%         4


Dungeon Overview and Level Annotations

Branches:
Dungeon (2/15)

Altars:


Innate Abilities, Weirdness & Mutations

Your plain brown scales are hard. (AC +4)
You cannot fit into any form of body armour.
You are cold-blooded and may be slowed by cold attacks.


Message History

The adder bites you. The ball python barely misses you. x2
The goblin shoots a sling bullet.
The sling bullet closely misses you.
The giant cockroach bites you but does no damage.
The adder bites you but does no damage.
You sock the adder!
The adder is heavily wounded.
The adder barely misses you. The ball python bites you.
The ball python misses you. The giant cockroach closely misses you.
You hit the adder but do no damage.
The adder is heavily wounded.
The adder bites you.
You are poisoned.
The adder poisons you! The ball python misses you. x2
The giant cockroach completely misses you.
The goblin shoots a sling bullet.
The sling bullet misses you. The adder barely misses you.
The ball python bites you. The ball python misses you.
The giant cockroach closely misses you.
You miss the adder.
The adder is heavily wounded.
* * * LOW HITPOINT WARNING * * *
You feel sick. The adder bites you but does no damage.
The goblin shoots a sling bullet.
The sling bullet hits you but does no damage.
The ball python bites you.
* * * LOW HITPOINT WARNING * * *
The ball python closely misses you. The giant cockroach closely misses you.
The adder closely misses you. The ball python closely misses you.
The ball python barely misses you.
The goblin shoots a sling bullet.
The sling bullet barely misses you. The giant cockroach misses you.
It was a potion of curing.
You feel better. The adder barely misses you.
The ball python barely misses you. The ball python closely misses you.
The giant cockroach misses you.
The goblin shoots a sling bullet.
The sling bullet hits you.
As you read the scroll labelled GEC ZUCRIGG, it crumbles to dust.
It is a scroll of identify.
You don't have any unidentified items.
The adder bites you. The ball python bites you.
The ball python closely misses you. The giant cockroach misses you.
The goblin shoots a sling bullet.
The sling bullet hits you.
You die...

##......#......##
#...............##
#..........g.....#
##............$...#
......!....<......#
.#..........?.....#
..................#
#....SB..........#
##...S@.........##
##.....##.....##
##############


You could see an adder, a giant cockroach, a goblin and a ball python.

Vanquished Creatures
  An endoplasm (D:1)
  A quokka (D:1)
  2 rats (D:1)
4 creatures vanquished.

Notes
Turn   | Place    | Note
-------+----------+-------------------------------------------
     0 | D:1      | theblackgale the Draconian Transmuter began the quest for
                  | the Orb.
     0 | D:1      | Reached XP level 1. HP: 16/16 MP: 3/3
   277 | D:2      | Shot with a sling bullet by a goblin

Illustrated notes

Levels and vault maps discovered:
D:1:      dpeg_arrival_concentric_ovals, layout_basic
D:2:      layout_rooms, basic_altar, ebering_ecumenical_altar_petrified

Action                   || total
-------------------------++-------
Melee: Club              ||    18
       Mace              ||     5
       Kick              ||     3
 Cast: Beastly Appendage ||     1
  Use: Scroll            ||     3
       Potion            ||     1
Armor: Skin              ||    17
Dodge: Dodged            ||    44
